 Dungeon Crawl Stone Soup version 0.28.0-53-g5a82cb258f (webtiles) character file.

Game seed: 7934636622001057010

5 worthlessgem the Vexing (level 1, 0/10 HPs)
             Began as a Deep Elf Enchanter on Aug 20, 2022.
             Slain by a quokka (4 damage)
             ... on level 1 of the Dungeon.
             The game lasted 00:03:39 (358 turns).

worthlessgem the Vexing (Deep Elf Enchanter)         Turns: 358, Time: 00:03:40

Health: 0/10       AC:  2    Str:  5    XL:     1   Next: 66%
Magic:  6/6        EV: 12    Int: 19    God:
Gold:   0          SH:  0    Dex: 15    Spells: 6/6 levels left

rFire   . . .      SeeInvis .   a - +1 dagger
rCold   . . .      Faith    .   (no shield)
rNeg    . . .      Spirit   .   b - +0 robe
rPois   .          Reflect  .   (no helmet)
rElec   .          Harm     .   (no cloak)
rCorr   .          Rampage  .   (no gloves)
Will    .....                   (no boots)
Stlth   +++.......              d - amulet of magic regeneration
HPRegen 0.03/turn               (no ring)
MPRegen 0.50/turn               (no ring)

@: no status effects
A: no striking features
a: no special abilities


You were on level 1 of the Dungeon.
You visited 1 branch of the dungeon, and saw 1 of its levels.

Inventory:

Hand Weapons
 a - a +1 dagger (weapon)
Missiles
 f - 21 arrows
Armour
 b - a +0 robe (worn)
Jewellery
 d - an amulet of magic regeneration (around neck)
Potions
 c - a potion of invisibility
 e - a potion of heal wounds {unknown}
 g - a potion of attraction {unknown}
 h - 2 potions of flight {unknown}
 i - a potion of berserk rage {unknown}


   Skills:
 * Level 1.3 Short Blades
 - Level 2.4 Dodging
 + Level 4.0 Stealth
 - Level 3.0 Spellcasting
 - Level 4.0 Hexes


You had 6 spell levels left.
You didn't know any spells.
Your spell library contained the following spells:

 Spells                   Type           Power      Damage    Failure   Level
 Confusing Touch          Hex            18%        N/A       9%          3
 Tukima's Dance           Hex            18%        N/A       9%          3
 Ensorcelled Hibernation  Hex/Ice        20%        N/A       10%         2
 Dazzling Flash           Conj/Hex       20%        N/A       21%         3


Dungeon Overview and Level Annotations

Branches:
Dungeon (1/15)

Altars:


Message History

You hit the goblin.
You kill the goblin!
Things that are here:
a +0 dagger; a goblin corpse You start waiting.
Done waiting.
An endoplasm comes into view.
A quokka comes into view.
Found 15 gold pieces.
A quokka is nearby!
A quokka comes into view.
You closely miss the quokka. The quokka closely misses you.
You hit the quokka.
The quokka is severely wounded.
The quokka barely misses you. x2
You hit the quokka.
You kill the quokka!
Your Stealth skill increases to level 4!
An endoplasm is nearby!
Found a short sword.
A quokka and a rat come into view.
A quokka is nearby!
You hit the quokka but do no damage. The quokka completely misses you.
You closely miss the quokka. The quokka misses you.
You barely miss the quokka. The quokka bites you.
You barely miss the quokka. The quokka bites you.
You hit the quokka but do no damage. The quokka closely misses you.
The quokka bites you.
You are too injured to fight recklessly!
You are too injured to fight recklessly!
You miss the quokka. The quokka barely misses you.
You hit the quokka but do no damage. The quokka barely misses you.
You barely miss the quokka. The quokka closely misses you.
You hit the quokka.
The quokka is heavily wounded.
The quokka closely misses you.
You closely miss the quokka.
The quokka is heavily wounded.
The quokka bites you.
You die...

.. ####..?.......# ♣....♣
...... ............. ♣....♣
...#.. #........... ♣....♣
....$.###.......##.# ####..
##..............##.# #..#..
............?...##.# #..#..
................##.# #..#♣.
................##.###
#''#♣.
#........r@...##.#.###..###
#......####......#..##....'
######## ##..##.#..#######
#..##....# ♣♣♣♣#
#..##.##.###..♣#
##.##......##..♣
#....####.##... #.##.#
#.##'#. #..#.####....#♣


You could see a quokka.

Vanquished Creatures
  A ball python (D:1)
  An endoplasm (D:1)
  A goblin (D:1)
  A quokka (D:1)
4 creatures vanquished.

Notes
Turn   | Place    | Note
-------+----------+-------------------------------------------
     0 | D:1      | worthlessgem the Deep Elf Enchanter began the quest for the
                  | Orb.
     0 | D:1      | Reached XP level 1. HP: 10/10 MP: 6/6
   358 | D:1      | Slain by a quokka

Illustrated notes

Levels and vault maps discovered:
D:1:      sevenhm_arrival_forest_fort_small_5, layout_basic

Skill      XL: |  1 |
---------------+----+-----
Stealth        | 4 |  4.0
Short Blades   | |  1.3
Dodging        | |  2.4
Spellcasting   | |  3.0
Hexes          | |  4.0

Action                   || total
-------------------------++-------
Melee: Dagger            ||    23
Armor: Robe              ||     2
Dodge: Dodged            ||    15
